 Dungeon Crawl Stone Soup version 0.23-a0-714-g00c90a0c22 (webtiles) character file.

267 Morbidden the Chopper (level 6, -5/48 HPs)
             Began as a Formicid Fighter on Jan 16, 2019.
             Slain by Prince Ribbit (17 damage)
             ... on level 5 of the Dungeon.
             The game lasted 00:05:36 (1949 turns).

Morbidden the Chopper (Formicid Fighter)            Turns: 1949, Time: 00:05:37

Health: -5/48      AC:  5    Str: 27    XL:     6   Next: 45%
Magic:  6/6        EV: 10    Int:  8    God:
Gold:   173        SH: 10    Dex: 10    Spells: 5/5 levels left

rFire    . . .     SeeInvis +   a - +0 war axe
rCold    . . .     Gourm    .   c - +0 shield
rNeg     . . .     Faith    .   q - +0 troll leather armour {Purgy}
rPois    .         Spirit   .   (helmet unavailable)
rElec    .         Reflect  .   (no cloak)
rCorr    .         Harm     .   l - +0 pair of gloves
MR       .....                  (no boots)
Stlth    +.........             (no amulet)
HPRegen  0.56/turn              (no ring)
MPRegen  0.10/turn              (no ring)

@: mighty
A: permanent stasis, dig shafts and tunnels, four strong arms, antennae 3
a: Dig, Shaft Self


You were on level 5 of the Dungeon.
You were not hungry.

You visited 1 branch of the dungeon, and saw 4 of its levels.
You also visited: Sewer.

You collected 173 gold pieces.

Inventory:

Hand Weapons
 a - a +0 war axe (weapon)
 m - a +0 long sword of draining
Armour
 c - a +0 shield (worn)
 l - a +0 pair of gloves (worn)
 q - a +0 troll leather armour (worn) {Purgy}
Potions
 b - a potion of degeneration {unknown}
 e - a potion of lignification {unknown}
 g - 2 potions of resistance {unknown}
 h - a potion of brilliance {unknown}
 i - 2 potions of curing {unknown}
 j - a potion of agility {unknown}
 k - 2 potions of heal wounds {unknown}
Comestibles
 f - 8 rations
 n - a chunk of flesh


   Skills:
 + Level 4.1 Fighting
 * Level 4.9 Axes
 + Level 3.7 Armour
 + Level 0.8 Dodging
 - Level 0.1 Stealth
 + Level 4.7 Shields


You had 5 spell levels left.
You didn't know any spells.
Your spell library was empty.

Dungeon Overview and Level Annotations

Branches:
Dungeon (3/15)

Altars:
Fedhas

Annotations:
D:3 2 transporters, loom's ghost, amateur GrFE
D:5 Prince Ribbit


Innate Abilities, Weirdness & Mutations

You cannot be hasted, slowed, berserked, paralysed or teleported.
You can dig through walls and to a lower floor.
Your four strong arms can wield two-handed weapons with a shield.
You have a pair of large antennae on your head. (SInv)


Message History

You are too injured to fight recklessly!
You are too injured to fight recklessly!
You are too injured to fight recklessly!
Unknown command.
Okay, then.
You feel very mighty all of a sudden.
A centaur skeleton comes into view.
A sky beast comes into view.
An adder comes into view.
You block Prince Ribbit's attack.
You hit Prince Ribbit.
Prince Ribbit is lightly wounded.
Prince Ribbit hits you.
A worker ant comes into view.
Prince Ribbit hits you!
* * * LOW HITPOINT WARNING * * *
Unknown command.
You slash Prince Ribbit!
Prince Ribbit is heavily wounded.
Prince Ribbit hits you!
You die...

#.# #.# #.# #.# #.#
##.##################
....................+
...##......##..##...#
#####......###.#@F#{
#......# #...#S.Z...
#......# #..## .....
#......# #..# ....
#.(....# #.## Y..
#......# #.# ..
#........[.# .
.......##..#
...########.


You could see Prince Ribbit, a sky beast (invisible), an adder and a centaur
skeleton.

Vanquished Creatures
  Purgy (Sewer)
  A worker ant (D:5)
  2 hound skeletons
  5 adders
  An adder zombie (D:5)
  3 worms (D:3)
  A dart slug (D:1)
  2 leopard geckos
  4 orcs (D:3)
  10 bats
  4 giant cockroaches
  8 goblins
  3 hobgoblins
  6 kobolds
  A quokka (D:3)
  A ball python (D:3)
  3 frilled lizards
  11 rats
67 creatures vanquished.

Notes
Turn   | Place    | Note
-------+----------+-------------------------------------------
     0 | D:1      | Morbidden the Formicid Fighter began the quest for the Orb.
     0 | D:1      | Reached XP level 1. HP: 18/18 MP: 1/1
    68 | D:1      | Reached XP level 2. HP: 23/24 MP: 2/2
   374 | D:1      | Reached XP level 3. HP: 19/30 MP: 3/3
  1003 | D:2      | Reached XP level 4. HP: 33/37 MP: 4/4
  1379 | D:3      | Reached XP level 5. HP: 32/42 MP: 5/5
  1392 | D:3      | Found a glowing drain.
  1398 | Sewer    | Entered a sewer
  1437 | Sewer    | Noticed Purgy
  1441 | Sewer    | Killed Purgy
  1441 | Sewer    | Reached XP level 6. HP: 42/48 MP: 6/6
  1688 | D:3      | Found a transporter.
  1694 | D:3      | Found a transporter.
  1712 | D:3      | Noticed loom's ghost (amateur GrFE)
  1737 | D:3      | Found a blossoming altar of Fedhas.
  1886 | D:3      | You fall through a shaft for 2 floors!
  1886 | D:5      | Entered Level 5 of the Dungeon
  1945 | D:5      | Noticed Prince Ribbit
  1945 | D:5      | Noticed a sky beast
  1947 | D:5      | Noticed a sky beast
  1949 | D:5      | Slain by Prince Ribbit

Vault maps used:
D:1:      co_arrival_square_in_a_square_in_a_square
D:2:      first_ration
D:3:      minmay_overflow_temple_star_quad, lightli_sewer_entry_pipes,
          gammafunk_ghost_stat_death, fedhas_altar_2
D:5:      minmay_manual_moon, uniq_ijyb, uniq_prince_ribbit1
Sewer:    kennysheep_door_sewer

Skill      XL: |  1  2  3  4  5 |
---------------+----------------+-----
Shields        | 4 |  4.7
Axes           | 3 4 |  4.9
Fighting       | 4 |  4.1
Armour         | |  3.7
Dodging        | |  0.8
Stealth        | |  0.1

Action                   |  1- 3 |  4- 6 || total
-------------------------+-------+-------++-------
Melee: War axe           |    83 |   138 ||   221
  Use: Scroll            |     2 |     5 ||     7
       Potion            |       |     1 ||     1
  Eat: Chunk             |       |     4 ||     4
Armor: Scale mail        |    40 |    46 ||    86
       Troll leather arm |       |    29 ||    29
Dodge: Dodged            |    32 |    51 ||    83
Block: Shield            |    50 |    98 ||   148

Table legend:
 A = Non-vault XP
 B = Vault XP
 C = Vault XP percentage of total XP
 D = Non-vault monster count
 E = Vault monster count
 F = Vault count percentage of total count
                 A         B        C        D         E       F
            +---------+---------+-------+---------+---------+-------
      Total |     161 |     221 |  57.9 |      50 |      17 |  25.4
            +---------+---------+-------+---------+---------+-------
        D:1 |      37 |       0 |   0.0 |      22 |       0 |   0.0
        D:2 |      33 |       0 |   0.0 |      10 |       0 |   0.0
        D:3 |      31 |      72 |  69.9 |      15 |      11 |  42.3
        D:5 |      60 |       0 |   0.0 |       3 |       0 |   0.0
      Sewer |       0 |     149 | 100.0 |       0 |       6 | 100.0
            +---------+---------+-------+---------+---------+-------
